 Dungeon Crawl Stone Soup version 0.26-a0-858-gbf766624f9 (webtiles) character file.

Game seed: 7428694976691066027

23481 Spectrina the Unseen (level 12, -9/71 (72) HPs)
             Began as a Vampire Delver on Nov 24, 2020.
             Was a Priest of Hepliaklqana.
             Hit by a javelin thrown by a minotaur (33 damage)
             ... in a Gauntlet.
             The game lasted 01:18:39 (8135 turns).

Spectrina the Unseen (Vampire Delver)               Turns: 8135, Time: 01:18:40

HP:   -9/71 (72)    AC: 20    Str: 17 (19) XL:     12   Next: 72%
MP:   17/17         EV:  6    Int: 19 (22) God:    Hepliaklqana [***...]
Gold: 743           SH:  3    Dex: 14 (15) Spells: 11/11 levels left

rFire    . . .     SeeInvis +   a - +3 dagger (speed)
rCold    . . .     Faith    .   P - +0 buckler
rNeg     . . .     Spirit   .   V - +5 plate armour of Creativity {Str+4}
rPois    +         Reflect  .   y - +0 helmet
rElec    .         Harm     .   o - +2 cloak of Iloroi Uhae {*Contam rPois Int+8}
rCorr    .         Rampage  .   p - +0 pair of gloves
MR       ++...     NoTele   +   (no boots)
Stlth    ++........             (no amulet)
HPRegen  0.41/turn              L - ring of protection from magic
MPRegen  0.15/turn              (no ring)

@: mighty, very slightly contaminated, regenerating quickly
A: reduced essence, fangs 3, see invisible, [deformed body], unbreathing
a: Exsanguinate, Recall Ancestor, Ancestor Identity, Transference, Renounce
Religion


You were in a Gauntlet.
You worshipped Hepliaklqana.
Hepliaklqana was most pleased with you.
You visited 3 branches of the dungeon, and saw 13 of its levels.
You also visited: Gauntlet.

You collected 743 gold pieces.

Inventory:

Hand Weapons
 a - a +3 dagger of speed (weapon)
 b - a +0 hunting sling
 B - a +4 long sword of freezing
 O - the +5 quarterstaff of Zuent {elec, *Noise rPois Str+4 SInv}
   (You found it on level 1 of the Lair of Beasts)

   Occasionally, upon striking a foe, it will discharge some electrical energy
   and cause terrible harm.
   It affects your strength (+4).
   It protects you from poison.
   It lets you see invisible.
   It may make noises in combat.
Missiles
 h - 354 stones
 j - 40 poisoned darts
 r - 70 bolts
 v - 170 arrows
 G - 5 atropa-tipped darts (quivered)
 N - 38 sling bullets
 X - 2 throwing nets
Armour
 i - +0 acid dragon scales
 o - the +2 cloak of Iloroi Uhae (worn) {*Contam rPois Int+8}
   (You found it on level 6 of the Dungeon)

   It affects your intelligence (+8).
   It protects you from poison.
   It causes magical contamination when unequipped.
 p - a +0 pair of gloves (worn)
 q - a scarf of resistance
 y - a +0 helmet (worn)
 P - a +0 buckler (worn)
 V - the +5 plate armour of Creativity (worn) {Str+4}
   (You found it on level 5 of the Dungeon)

   It affects your strength (+4).
Magical Staves
 s - an uncursed staff of earth
Jewellery
 n - an uncursed ring of fire
 w - the ring of Yfidott {rPois MP+9 Str-4 Int+2}
   (You found it in a Gauntlet)

   [ring of poison resistance]

   It affects your strength (-4).
   It affects your intelligence (+2).
   It protects you from poison.
   It affects your magic capacity (+9).
 x - the ring "Keoqink" {Str+6 Dex+2, unknown}
   (You found it in a Gauntlet)

   [ring of strength]

   It affects your strength (+6).
   It affects your dexterity (+2).
 L - a ring of protection from magic (left hand)
 S - an uncursed ring of poison resistance
Wands
 g - a wand of digging (2)
 K - a wand of iceblast (28)
 M - a wand of paralysis (3)
Scrolls
 c - 4 scrolls of fog
 d - 3 scrolls of magic mapping
 e - 3 scrolls of fear
 t - 4 scrolls of teleportation
 u - a scroll of random uselessness {unknown}
 z - 2 scrolls of enchant weapon {unknown}
 A - a scroll of amnesia {unknown}
 D - a scroll of holy word {unknown}
 I - a scroll of vulnerability {unknown}
 R - 4 scrolls of remove curse {unknown}
 T - 2 scrolls of immolation {unknown}
 Y - 2 scrolls of enchant armour {unknown}
 Z - a scroll of noise {unknown}
Potions
 f - 3 potions of haste
 k - 2 potions of resistance
 l - 2 potions of heal wounds
 m - 9 potions of curing
 C - 2 potions of brilliance
 E - 3 potions of mutation
 F - a potion of flight
 H - 2 potions of attraction
 J - a potion of lignification
 U - 4 potions of berserk rage {unknown}


   Skills:
 - Level 2.6 Fighting
 + Level 12.2 Short Blades
 + Level 9.9 Armour
 - Level 2.1 Dodging
 + Level 17.4 Stealth
 + Level 7.0 Invocations


You had 11 spell levels left.
You didn't know any spells.
Your spell library contained the following spells:

 Spells                   Type           Power        Failure   Level
 Animate Skeleton         Necr           #.....       100%        1
 Apportation              Tloc           #.....       100%        1
 Beastly Appendage        Tmut           #.....       100%        1
 Corona                   Hex            #......      100%        1
 Freeze                   Ice            #...         100%        1
 Magic Dart               Conj           #...         100%        1
 Summon Small Mammal      Summ           #...         100%        1
 Blink                    Tloc           N/A          100%        2
 Call Imp                 Summ           #.......     100%        2
 Slow                     Hex            #.......     100%        2
 Wereblood                Tmut           #.......     100%        2
 Conjure Flame            Conj/Fire      #.......     100%        3
 Frozen Ramparts          Ice            #.....       100%        3
 Mephitic Cloud           Conj/Pois/Air  #.......     100%        3
 Ozocubu's Armour         Ice            #.......     100%        3
 Spider Form              Tmut/Pois      #.........   100%        3
 Hailstorm                Conj/Ice       #.......     100%        4
 Ice Form                 Ice/Tmut       #.......     100%        4
 Summon Ice Beast         Ice/Summ       #.......     100%        4
 Blade Hands              Tmut           #.........   100%        5


Dungeon Overview and Level Annotations

Branches:
Dungeon (11/15)            Temple (1/1) D:7            Lair (1/6) D:11
    Orc (0/2) D:10        Gauntlet (1/1)

Altars:
Ashenzari
Cheibriados
Dithmenos
Elyvilon
Fedhas
Hepliaklqana
Kikubaaqudgha
Makhleb
Okawaru
Ru
Trog
Uskayaw
Vehumet
Yredelemnul
The Shining One

Shops:
D:7 [   D:10 [

Annotations:
D:4 2 runed translucent doors, rgaf's ghost, novice GrBr
D:7 Harold Gauntlet 8 transporters, 21 runed translucent doors


Innate Abilities, Weirdness & Mutations

Your natural rate of healing is unusually fast.
You have razor-sharp teeth.
You have supernaturally acute eyesight. (SInv)
You can survive without breathing.
Your life essence is reduced to manifest your ancestor. (-10% HP)
[Armour fits poorly on your strangely shaped body.]


Message History

You see here a javelin.
Okay, then.
Okay, then.
Adjust (i)tems, (s)pells, or (a)bilities?
Huh?
Unknown command.
Unknown command.
Unknown command.
Evoke which item? (* to show all) (? for menu, Esc to quit)
Okay, then.
Throwing (i - inventory. (/) - cycle)
G - 5 atropa-tipped darts (quivered)
Press: ? - help, Shift-Dir - straight line, f - minotaur
Aim: a minotaur, wielding a +0 broad axe, wearing a +0 plate armour and quivering 14 javelins (chance to blind on hit: 27%)
Okay, then.
Unknown command.
You feel very mighty all of a sudden.
The minotaur throws a javelin.
The javelin pierces through you!!
Unknown command.
The minotaur throws a javelin.
The javelin pierces through you!!
You die...

#≈8≈#..#.
#######..§#..#©
#....##.8.#..#.
#.##.##...#..#.
#.##....8.#..#.
#######.##.##...#..#.
#≈≈≈#.#....##...#§§##
#≈≈.#.#.##.##.©.#§...
#≈H.@.R.##......#§...
#≈≈.#(#.##.##.©.#≈...
#≈≈≈#.#....##...#..##
#######.##.##...#..#.
#.##....8.#..#.
#.##.##...#..##
#....##.8.#..#. ####
#...#..#§ #≈8≈#..#.


You could see the friendly gat the battlemage and a minotaur.

Vanquished Creatures
  A two-headed ogre (D:10)
  A wretched star (Gauntlet)
  A black mamba (Lair:1)
  Joseph (D:7)
  2 gargoyles
  3 cane toads (Lair:1)
  A komodo dragon (D:8)
  A rime drake (Lair:1)
  A troll (D:11)
  Grinder (D:4)
  Prince Ribbit (D:7)
  A wraith (D:10)
  2 wyverns
  A yak (Lair:1)
  A neqoxec (Gauntlet)
  Duvessa (D:6)
  6 orc warriors
  4 ice beasts
  2 hornet zombies
  2 ogres
  2 phantoms
  A necrophage (D:9)
  8 killer bees
  4 centaurs
  4 bullfrogs
  3 big kobolds
  A water moccasin zombie (D:9)
  A gnoll sergeant (D:10)
  Dowan (D:6)
  A wyvern skeleton (D:10)
  2 small abominations (Gauntlet)
  A scorpion (D:4)
  11 wights
  2 bullfrog zombies
  4 hounds
  Crazy Yiuf (D:7)
  An orc priest (D:9)
  A centaur skeleton (D:4)
  3 iguanas
  2 jellies
  Natasha (thrice) (D:4)
  2 worker ants
  Ijyb (D:4)
  An orc wizard (D:9)
  2 hound zombies (D:9)
  A mummy (D:9)
  14 adders
  3 gnolls (D:10)
  2 shadow imps
  A white imp (D:9)
  5 ufetubi
  An ooze (D:6)
  An adder zombie (D:9)
  An adder skeleton (D:7)
  3 worms
  3 dart slugs
  3 leopard geckos
  14 orcs
  4 bats
  5 giant cockroaches
  2 goblins (D:2)
  4 hobgoblins
  3 jackals (D:2)
  4 quokkas
  3 frilled lizards (D:3)
  A jackal skeleton (D:8)
  14 kobolds
  A quokka skeleton (D:4)
  6 rats
196 creatures vanquished.

Vanquished Creatures (collateral kills)
  A boulder beetle (D:10)
  A wizard (Gauntlet)
  A deep elf mage (D:10)
  2 ugly things
  A cane toad (Lair:1)
  A komodo dragon (Lair:1)
  A troll (D:10)
  7 yaks
  A wraith (D:10)
  An acid dragon (D:10)
  A water moccasin (Lair:1)
  An ice beast (D:8)
  5 orc warriors
  A black bear (D:11)
  A centaur (D:8)
  3 bullfrogs
  5 killer bees
  6 wights
  2 hounds
  An orc wizard (D:8)
  2 orc priests
  An iguana (D:10)
  A mummy (D:9)
  5 gnolls (D:10)
  2 orcs (D:10)
  A giant cockroach (D:8)
55 creatures vanquished.

Vanquished Creatures (others)
  A killer bee (D:8)
  2 battlemagi
  7 ancestors
  14 demonic plants (Gauntlet)
  3 fungi (D:11)
  15 plants
  8 withered plants (D:9)
50 creatures vanquished.

Grand Total: 301 creatures vanquished

Notes
Turn   | Place    | Note
-------+----------+-------------------------------------------
     0 | D:5      | Spectrina the Vampire Delver began the quest for the Orb.
     0 | D:5      | Reached XP level 1. HP: 17/17 MP: 1/1
   155 | D:6      | Reached XP level 2. HP: 3/23 MP: 2/2
   280 | D:6      | Noticed Dowan
   293 | D:6      | Found a basalt altar of Yredelemnul.
   307 | D:6      | Got a faintly glowing cloak
   312 | D:6      | Identified the +2 cloak of Iloroi Uhae {*Contam rPois
                  | Int+8} (You found it on level 6 of the Dungeon)
   389 | D:4      | Noticed Grinder
   504 | D:4      | Reached skill level 8 in Stealth
   504 | D:4      | Reached XP level 3. HP: 18/28 MP: 3/3
   645 | D:2      | Reached XP level 4. HP: 34/34 MP: 4/4
   698 | D:3      | Found a sacrificial altar of Ru.
   712 | D:3      | Found a radiant altar of Vehumet.
   736 | D:3      | Found a bloodstained altar of Trog.
   764 | D:3      | Found a burning altar of Makhleb.
  1344 | D:4      | Killed Grinder
  1345 | D:4      | Reached skill level 5 in Short Blades
  1345 | D:4      | Reached skill level 10 in Stealth
  1345 | D:4      | Reached XP level 5. HP: 31/31 MP: 5/5
  1345 | D:4      | Reached XP level 6. HP: 36/36 MP: 6/6
  1376 | D:4      | Found a runed translucent door.
  1377 | D:4      | Noticed Natasha
  1380 | D:4      | Killed Natasha
  1383 | D:4      | You fall into a shaft and drop 3 floors!
  1392 | D:7      | Found a runed translucent door.
  1393 | D:7      | Noticed Crazy Yiuf
  1400 | D:7      | Killed Crazy Yiuf
  1431 | D:7      | Got a crystal quarterstaff
  1454 | D:7      | Noticed Prince Ribbit
  1459 | D:7      | Killed Prince Ribbit
  1460 | D:7      | Reached XP level 7. HP: 40/40 MP: 7/7
  1606 | D:6      | Noticed Duvessa
  1610 | D:6      | Killed Dowan
  1611 | D:6      | Reached skill level 11 in Stealth
  1851 | D:4      | Noticed Natasha
  1862 | D:4      | Killed Natasha
  1890 | D:4      | Noticed Natasha
  1972 | D:4      | Killed Natasha
  2006 | D:4      | Identified the +5 quarterstaff "Ingeonem" {protect, rC+ MR+
                  | SInv} (You found it on level 7 of the Dungeon)
  2123 | D:4      | Noticed Ijyb
  2130 | D:4      | Killed Ijyb
  2470 | D:2      | Reached skill level 12 in Stealth
  2871 | D:4      | Found a runed translucent door.
  2873 | D:4      | Noticed rgaf's ghost (novice GrBr)
  3142 | D:5      | Reached XP level 8. HP: 44/51 MP: 8/8
  3201 | D:5      | Got a brightly glowing plate armour
  3274 | D:7      | Noticed a gargoyle
  3427 | D:7      | Found a staircase to the Ecumenical Temple.
  3433 | Temple   | Entered the Ecumenical Temple
  3457 | Temple   | Became a worshipper of Hepliaklqana the Forgotten
  3565 | D:7      | Noticed Harold
  3683 | D:6      | Killed Duvessa
  3770 | D:7      | Killed a gargoyle
  3771 | D:7      | Reached skill level 13 in Stealth
  3824 | D:7      | Found Amitaj's Armour Shoppe.
  3824 | D:7      | Noticed Joseph
  3883 | D:7      | HP: 1/51 [iguana (13)]
  4073 | D:7      | Identified the +5 plate armour of Creativity {Str+4} (You
                  | found it on level 5 of the Dungeon)
  4186 | D:8      | Reached skill level 14 in Stealth
  4186 | D:8      | Reached XP level 9. HP: 54/55 MP: 9/9
  4219 | D:8      | Reached skill level 1 in Invocations
  4225 | D:8      | Reached skill level 1 in Armour
  4287 | D:8      | You fall into a shaft and drop 1 floor!
  4470 | D:8      | Noticed a komodo dragon
  4726 | D:9      | Noticed a purple ugly thing
  4746 | D:8      | Reached * piety under Hepliaklqana
  4827 | D:8      | Killed a komodo dragon
  4828 | D:8      | Reached skill level 10 in Short Blades
  4906 | D:7      | Killed Joseph
  4907 | D:7      | Reached skill level 15 in Stealth
  4929 | D:7      | Reached XP level 10. HP: 61/61 MP: 12/12
  5601 | D:10     | Entered Level 10 of the Dungeon
  5687 | D:10     | Noticed a gargoyle
  5706 | D:10     | Killed a gargoyle
  5791 | D:11     | Noticed a cyan ugly thing
  6043 | D:9      | Reached ** piety under Hepliaklqana
  6044 | D:9      | Remembered your ancestor gat as a battlemage
  6071 | D:9      | Killed a purple ugly thing
  6072 | D:9      | Reached skill level 5 in Invocations
  6100 | D:9      | Reached skill level 16 in Stealth
  6277 | D:10     | Found a staircase to the Orcish Mines.
  6505 | D:10     | Reached skill level 5 in Armour
  6632 | D:10     | Found Becaa's Armour Shop.
  6702 | D:10     | Reached XP level 11. HP: 60/65 MP: 15/15
  6702 | D:10     | Reached XP level 12. HP: 66/71 MP: 16/16
  6736 | D:10     | Noticed a two-headed ogre
  6921 | D:10     | Noticed a boulder beetle
  6988 | D:10     | Killed a boulder beetle
  7116 | D:11     | Noticed a six-headed hydra
  7226 | D:10     | Killed a two-headed ogre
  7425 | D:11     | Found a staircase to the Lair.
  7453 | Lair:1   | Entered Level 1 of the Lair of Beasts
  7528 | Lair:1   | Reached skill level 17 in Stealth
  7540 | Lair:1   | Got a smoking quarterstaff
  7555 | Lair:1   | Reached *** piety under Hepliaklqana
  7648 | Lair:1   | Identified the +5 quarterstaff of Zuent {elec, *Noise rPois
                  | Str+4 SInv} (You found it on level 1 of the Lair of Beasts)
  7721 | Lair:1   | Found a gate leading to a gauntlet.
  7780 | Gauntlet | Entered a Gauntlet
  7780 | Gauntlet | Found a transporter.
  7780 | Gauntlet | Found a transporter.
  7780 | Gauntlet | Found a transporter.
  7780 | Gauntlet | Noticed a catoblepas
  7785 | Gauntlet | Found a transporter.
  7785 | Gauntlet | Found a transporter.
  7794 | Gauntlet | Found a transporter.
  7795 | Gauntlet | Found a transporter.
  7797 | Gauntlet | Found a large runed translucent door.
  7798 | Gauntlet | Found a large runed translucent door.
  7799 | Gauntlet | Found a large runed translucent door.
  7799 | Gauntlet | Found a large runed translucent door.
  7799 | Gauntlet | Found a runed translucent door.
  7800 | Gauntlet | Found a runed translucent door.
  7800 | Gauntlet | Found a large runed translucent door.
  7801 | Gauntlet | Found a large runed translucent door.
  7801 | Gauntlet | Found a large runed translucent door.
  7801 | Gauntlet | Found a large runed translucent door.
  7801 | Gauntlet | Found a large runed translucent door.
  7801 | Gauntlet | Found a transporter.
  7801 | Gauntlet | Found a large runed translucent door.
  7802 | Gauntlet | Found a large runed translucent door.
  7802 | Gauntlet | Found a large runed translucent door.
  7803 | Gauntlet | Found a runed translucent gate.
  7803 | Gauntlet | Found a runed translucent gate.
  7803 | Gauntlet | Found a runed translucent gate.
  7826 | Gauntlet | Found a transporter.
  7838 | Gauntlet | Found a transporter.
  7899 | Gauntlet | Found a large runed translucent door.
  7899 | Gauntlet | Found a large runed translucent door.
  7902 | Gauntlet | Found a large runed translucent door.
  7902 | Gauntlet | Found a large runed translucent door.
  7905 | Gauntlet | Found a transporter.
  7931 | Gauntlet | Found a transporter.
  8002 | Gauntlet | Got an ancient granite ring
  8071 | Gauntlet | Identified the ring of Yfidott {rPois MP+9 Str-4 Int+2}
                  | (You found it in a Gauntlet)
  8109 | Gauntlet | Got a sparkling bone ring
  8131 | Gauntlet | Noticed a minotaur
  8135 | Gauntlet | Hit by a javelin thrown by a minotaur

Illustrated notes

Levels and vault maps discovered:
D:1:      erik_arrival_orb_chamber, layout_basic, minmay_liquid_box,
          st_stairs_3, lemuel_old_faithful
D:2:      layout_basic, minmay_misc_feat_four_crosses
D:3:      layout_basic, nicolae_overflow_quartered_altars, uniq_jessica
D:4:      layout_basic, ebering_ghost_sewer_f, kennysheep_minor_cross,
          grunt_ministairs_6, st_stairs_12, serial_bayou_pond_a, uniq_ijyb,
          uniq_grinder, uniq_natasha
D:5:      layout_cave_pods
D:6:      layout_gridville, yredelemnul_altar_generic, uniq_duvessa
D:7:      layout_basic, minmay_temple_entry_gardened_gates, serial_shops,
          nicolae_shop_stone, uniq_joseph, uniq_harold, uniq_crazy_yiuf_cottage,
          uniq_prince_ribbit1
D:8:      layout_cave_pools
D:9:      layout_loops_corners, serial_undead, serial_undead_d, serial_undead_b,
          serial_undead_c, serial_undead_b, serial_undead_c, serial_undead_a,
          serial_undead_d, serial_undead_c, minmay_bent
D:10:     minmay_blocky_corners, layout_basic, orc_david_3,
          chequers_serial_rivers_micro_b, sword_in_stone
D:11:     layout_roguey, grunt_lair_entry_orc_guard_hut
Temple:   eino_narrow_crystal_temple
Lair:1:   lemuel_slime, layout_regular_city, gauntlet_entry_generic,
          st_stairs_3, chequers_serial_rivers_small_3, serial_bayou_shore_b,
          serial_bayou_shore_a, grunt_megastairs_4
Gauntlet: gammafunk_gauntlet_shortcut [nicolae_gauntlet_arena_grate_2,
          gammafunk_gauntlet_arena_arrow_garden,
          gammafunk_gauntlet_arena_split_diamond,
          minmay_gauntlet_arena_make_your_own_arena,
          gammafunk_gauntlet_arena_open, nicolae_gauntlet_arena_blocks,
          gauntlet_exit_watery]

Skill      XL: |  1  2  3  4  5  6  7  8  9 10 11 12 |
---------------+-------------------------------------+-----
Short Blades   | 3 5 6 7 9 10 11 12 | 12.2
Stealth        | 8 10 12 14 15 16 17 | 17.4
Invocations    | 3 5 7 |  7.0
Armour         | 3 5 9 |  9.9
Fighting       | |  2.6
Dodging        | |  2.1

Action                   |  1- 3 |  4- 6 |  7- 9 | 10-12 || total
-------------------------+-------+-------+-------+-------++-------
Melee: Short sword       |    61 |    44 |     3 |       ||   108
       Bite              |     8 |     8 |    54 |   100 ||   170
       Dagger            |       |    10 |   151 |   277 ||   438
       Rapier            |       |       |   328 |   380 ||   708
       Unarmed           |       |       |    12 |       ||    12
       Quarterstaff      |       |       |     4 |       ||     4
Throw: Throwing net      |       |       |     2 |     1 ||     3
       Dart              |       |       |     4 |    28 ||    32
Invok: Recall Ancestor   |       |       |     3 |     3 ||     6
       Ancestor Identity |       |       |     1 |       ||     1
       Ancestor Life: Ba |       |       |       |     1 ||     1
 Abil: Exsanguinate      |       |     1 |       |       ||     1
       Revivify          |       |       |     1 |       ||     1
Evoke: Wand              |       |       |    22 |     2 ||    24
  Use: Potion            |     1 |       |     1 |     4 ||     6
       Scroll            |       |     3 |     4 |     3 ||    10
 Stab: Sleeping          |     3 |    13 |    16 |     3 ||    35
       Paralysed         |       |       |     3 |       ||     3
       Distracted        |       |       |     5 |     8 ||    13
       Held in net/web   |       |       |     1 |     1 ||     2
       Invisible         |       |       |     2 |     5 ||     7
       Confused          |       |       |     1 |       ||     1
Armor: Leather armour    |    11 |    15 |    71 |       ||    97
       Skin              |       |       |    29 |       ||    29
       Plate armour      |       |       |   169 |   292 ||   461
Dodge: Dodged            |    35 |    23 |   193 |    93 ||   344
Block: Buckler           |       |       |    55 |    48 ||   103

Table legend: (Time is in decaauts)
 A = Elapsed time spent in this place.
 B = Non-inter-level travel time spent in this place.
 C = Inter-level travel time spent in this place.
 D = Time resting spent in this place.
 E = Time spent auto-exploring this place.
 F = Levels seen in this place.
 G = Mean time per level.
                   A        B        C        D        E       F      G
               +--------+--------+--------+--------+--------+-----+--------+
         Total |   7736 |   7263 |    473 |     84 |      0 |  14 |  552.6 |
       Dungeon |   7104 |   6631 |    473 |     28 |      0 |  11 |  645.8 |
        Temple |     39 |     39 |      0 |      0 |      0 |   1 |   39.0 |
          Lair |    253 |    253 |      0 |      0 |      0 |   1 |  253.0 |
      Gauntlet |    339 |    339 |      0 |     56 |      0 |   1 |  339.0 |
               +--------+--------+--------+--------+--------+-----+--------+

Top non-repeatable levels by time:
    D:10: 1064 daAuts
     D:7: 1049 daAuts
     D:9: 941 daAuts
     D:4: 915 daAuts
     D:8: 629 daAuts
     D:6: 580 daAuts
     D:5: 559 daAuts
     D:2: 469 daAuts
     D:3: 440 daAuts
Gauntlet: 339 daAuts
  Lair:1: 253 daAuts
     D:1: 250 daAuts
    D:11: 203 daAuts
  Temple: 39 daAuts
